 Dungeon Crawl Stone Soup version 0.30-a0-760-g5a9884bb7c (webtiles) character file.

Game seed: 7846280639701623369

91 dolemite99 the Magician (level 4, 0/32 HPs)
             Began as a Djinni Hexslinger on Feb 12, 2023.
             Was a Believer of Zin.
             Killed from afar by a dart slug (4 damage)
             ... with a slug dart
             ... on level 3 of the Dungeon.
             The game lasted 00:03:33 (2109 turns).

dolemite99 the Magician (Djinni Hexslinger)         Turns: 2109, Time: 00:03:33

Health: 0/32       AC:  2    Str:  9    XL:     4   Next: 88%
Gold:   79         EV: 12    Int: 14    God:    Zin [**....] SH:  0 Dex: 16

rFire   + + .      SeeInvis .    a - +1 sling
rCold   x . .      Faith    .    (no shield)
rNeg    . . .      Spirit   .    c - +0 robe
rPois   ∞          Reflect  .    (no helmet)
rElec   .          Harm     .    (no cloak)
rCorr   .          Rampage  .    (no gloves)
Will    .....                    (boots unavailable)
Stlth   +                        (no amulet)
HPRegen 0.25/turn                (no ring)
MPRegen 0.00/turn                (no ring)

@: flying, hasted, very quick
A: sickness immunity, fire resistance 2, cold vulnerability 1, float, innate
caster, HP casting, extra vitality 1, sturdy frame 1
a: Renounce Religion, Recite, Vitalisation, Donate Gold


You were on level 3 of the Dungeon.
You worshipped Zin.
Zin was pleased with you.
You visited 1 branch of the dungeon, and saw 3 of its levels.

You collected 87 gold pieces.
You donated 8 gold pieces to Zin.

Inventory:

Hand Weapons
 a - a +1 sling (weapon)
 f - a +1 spear of venom
Missiles
 g - 5 boomerangs
Armour
 c - a +0 robe (worn)
 i - a +1 animal skin
Scrolls
 b - 2 scrolls of poison
 e - a scroll of enchant armour {unknown}
 h - a scroll of identify {unknown}
 j - a scroll of blinking {unknown}
Potions
 d - 2 potions of mutation


   Skills:
 - Level 1.0 Fighting
 - Level 2.8 Ranged Weapons
 - Level 2.1 Dodging
 + Level 3.4 Spellcasting


You couldn't memorise any spells.
You knew the following spells:

 Your Spells              Type           Power      Damage    Failure   Level
a - Magic Dart            Conj           44%        1d5       4%          1
b - Inner Flame           Hex/Fire       11%        N/A       16%         3
c - Portal Projectile     Hex/Tloc       22%        N/A       16%         3
d - Cause Fear            Hex            5%         N/A       45%         4
e - Slow                  Hex            44%        N/A       4%          1
Your spell library was empty.

Dungeon Overview and Level Annotations

Branches:
Dungeon (3/15)

Altars:
Zin


Innate Abilities, Weirdness & Mutations

You are immune to sickness and miasma.
You are immune to poison.
Your flesh is very heat resistant. (rF++)
You are vulnerable to cold. (rC-)
You float through the air rather than walking.
You learn spells naturally, not from books.
Your magical power is your life essence.
You have superior vitality. (+4 MHP)
Your movements are slightly less encumbered by armour. (ER -2)


Message History

Zin forgives your inadvertent chaotic act, just this once.
Robin closely misses you.
It was a potion of curing.
You feel better.
Robin hits you from afar with a +1 spear of venom.
* * * LOW HITPOINT WARNING * * *
It was a potion of haste.
You feel yourself speed up.
Robin hits you from afar with a +1 spear of venom.
* * * LOW HITPOINT WARNING * * *
Casting: Magic Dart (safe; 5% risk of failure)
Confirm with . or Enter, or press ? or * to list all spells.
Aiming: Magic Dart (safe; 5% risk of failure)
Press: ? - help, Shift-Dir - straight line, f/p - Robin
Aim: Robin, wielding a +1 spear of venom, wearing a +1 animal skin and wearing a +0 helmet (severely wounded, 100% to hit)
The magic dart hits Robin but does no damage.
Robin is severely wounded.
* * * LOW HITPOINT WARNING * * *
Okay, then.
Okay, then.
Fire: a) +1 sling
Press: ? - help, Q - select action, (/) - cycle Shift-Dir - straight line, f/p - Robin
Aim: Robin, wielding a +1 spear of venom, wearing a +1 animal skin and wearing a +0 helmet (severely wounded, 67% to hit)
You shoot a sling bullet. The sling bullet closely misses Robin.
Fire: a) +1 sling
Press: ? - help, Q - select action, (/) - cycle Shift-Dir - straight line, f/p - Robin
Aim: Robin, wielding a +1 spear of venom, wearing a +1 animal skin and wearing a +0 helmet (severely wounded, 67% to hit)
You shoot a sling bullet. The sling bullet barely misses Robin.
Fire: a) +1 sling
Press: ? - help, Q - select action, (/) - cycle Shift-Dir - straight line, f/p - Robin
Aim: Robin, wielding a +1 spear of venom, wearing a +1 animal skin and wearing a +0 helmet (severely wounded, 67% to hit)
You shoot a sling bullet. The sling bullet hits Robin!
You kill Robin!
Fire: a) +1 sling
Press: ? - help, Q - select action, (/) - cycle Shift-Dir - straight line, f - you Really target yourself?
Okay, then.
Items here: ) [[ †.
f - a +1 spear of venom;
i - a +1 animal skin The dart slug launches a dart at you.
The slug dart hits you.
You die...

#..# #######).######
#......<......#
#.#####.####..# #.# #.#
#..# #.#####)# #..#
#.##.##.# #..#
..)########w#...#.####..#
#.†.w))g..#.[@.........#
##########..........##.#
#......##### .#
#.#...#######.#
#.............#
####.########## #.# #.#
#.#


You could see a dart slug.

Vanquished Creatures
  Robin (D:3)
  2 adders
  3 worms
  A ball python (D:1)
  2 endoplasms
  3 giant cockroaches (D:1)
  14 goblins
  6 hobgoblins
  3 jackals (D:3)
  3 quokkas
  3 bats
  2 frilled lizards
  6 rats
49 creatures vanquished.

Notes
Turn   | Place    | Note
-------+----------+-------------------------------------------
     0 | D:1      | dolemite99 the Djinni Hexslinger began the quest for the
                  | Orb.
     0 | D:1      | dolemite99 set off with the following spells memorised:
                  | Slow, Inner Flame, Portal Projectile, Cause Fear.
     0 | D:1      | Reached XP level 1. HP: 17/17 MP: 0/0
   406 | D:1      | Reached XP level 2. HP: 22/22 MP: 0/0
   672 | D:1      | Reached XP level 3. HP: 22/27 MP: 0/0
   672 | D:1      | Learned a level 1 spell: Magic Dart
  1180 | D:2      | Found a faded altar of an unknown god.
  1183 | D:2      | Prayed at the altar of an unknown god.
  1183 | D:2      | Became a worshipper of Zin the Law-Giver
  1183 | D:2      | Reached * piety under Zin
  1529 | D:2      | Reached XP level 4. HP: 28/32 MP: 0/0
  1773 | D:2      | Reached ** piety under Zin
  1924 | D:3      | Reached skill level 3 in Spellcasting
  2077 | D:3      | Noticed Robin
  2089 | D:3      | Gained mutation: Your movements are slightly less
                  | encumbered by armour. (ER -2) [potion of mutation]
  2104 | D:3      | Killed Robin
  2109 | D:3      | Killed from afar by a dart slug

Illustrated notes

Levels and vault maps discovered:
D:1:      minmay_arrival_four_houses, layout_basic, kennysheep_flooded_box
D:2:      layout_loops_ring, nicolae_ecumenical_oubliette
D:3:      layout_loops_ring, corexii_item_surrounded_by_moat, uniq_robin,
          uniq_terence

Skill      XL: |  1  2  3  4 |
---------------+-------------+-----
Ranged Weapons | 2 |  2.8
Spellcasting   | 3 |  3.4
Fighting       | |  1.0
Dodging        | |  2.1

Action                     |  1- 3 |  4- 6 || total
---------------------------+-------+-------++-------
   Fire: Sling             |    66 |    39 ||   105
   Cast: Slow              |     5 |       ||     5
         Magic Dart        |    26 |    32 ||    58
    Use: Potion            |       |     3 ||     3
         Scroll            |       |     1 ||     1
 Armour: Robe              |    10 |     4 ||    14
  Dodge: Dodged            |    26 |    14 ||    40

Table legend: (Time is in decaauts)
 A = Elapsed time spent in this place.
 B = Non-inter-level travel time spent in this place.
 C = Inter-level travel time spent in this place.
 D = Time resting spent in this place.
 E = Time spent auto-exploring this place.
 F = Levels seen in this place.
 G = Mean time per level.
                   A        B        C        D        E       F      G
               +--------+--------+--------+--------+--------+-----+--------+
         Total |   2131 |   2094 |     37 |    521 |   1194 |   3 |  710.3 |
       Dungeon |   2131 |   2094 |     37 |    521 |   1194 |   3 |  710.3 |
               +--------+--------+--------+--------+--------+-----+--------+

Top non-repeatable levels by time:
     D:1: 1190 daAuts
     D:2: 700 daAuts
     D:3: 240 daAuts
